 Dungeon Crawl Stone Soup version 0.23-b1-58-ge3fafae (webtiles) character file.

Game seed: 15330457711849894503

4962 teukkam the Carver (level 10, -1/78 HPs)
             Began as a Minotaur Fighter on Jan 31, 2019.
             Was a Believer of Sif Muna.
             Slain by an orc warrior
             ... wielding a +0 scimitar
              (18 damage)
             ... on level 9 of the Dungeon on Feb 4, 2019.
             The game lasted 00:38:55 (7198 turns).

teukkam the Carver (Minotaur Fighter)               Turns: 7198, Time: 00:38:56

Health: -1/78      AC:  6    Str: 23    XL:     10   Next: 28%
Magic:  14/14      EV: 11    Int:  9    God:    Sif Muna [**....]
Gold:   390        SH:  0    Dex: 13    Spells: 11/15 levels left

rFire    . . .     SeeInvis +   a - +7 long sword of the Coward {slice, Dex+2}
rCold    . . .     Gourm    .   (no shield)
rNeg     . . .     Faith    .   M - +2 robe of Ruhenul {+Fly rPois Regen+ Int+4}
rPois    +         Spirit   .   (helmet restricted)
rElec    .         Reflect  .   Q - +0 cloak "Fail Gerawk" {rPois rC- SInv}
rCorr    .         Harm     .   y - +0 pair of gloves
MR       .....                  (no boots)
Stlth    +.........             (no amulet)
HPRegen  0.63/turn              e - ring of poison resistance
MPRegen  0.14/turn              k - ring of protection from cold

@: very slightly contaminated, hasted, very quick
A: retaliatory headbutt, horns 2
a: Divine Energy, Renounce Religion, Evoke Flight


You were on level 9 of the Dungeon.
You worshipped Sif Muna.
Sif Muna was pleased with you.
You were not hungry.

You visited 1 branch of the dungeon, and saw 9 of its levels.

You collected 390 gold pieces.

Inventory:

Hand Weapons
 a - the +7 long sword of the Coward (weapon) {slice, Dex+2}
   (You found it on level 5 of the Dungeon)

   It inflicts extra damage upon your enemies.
   It affects your dexterity (+2).
 b - a +0 hunting sling
 c - a +4 dagger of venom
 o - a +0 whip of freezing
 t - a +0 war axe
 w - a +4 quarterstaff of chaos
 F - a +0 dagger of chaos
 R - a cursed +0 arbalest
 S - a +0 shortbow
Missiles
 g - 219 stones (quivered)
 h - 23 poisoned needles
 i - 3 sling bullets
 u - 48 arrows
 x - 5 tomahawks
Armour
 m - a +2 ring mail of poison resistance
 r - a +0 cloak
 y - a +0 pair of gloves (worn)
 C - a +0 shield
 G - a +1 cloak
 M - the +2 robe of Ruhenul (worn) {+Fly rPois Regen+ Int+4}
   (You found it on level 6 of the Dungeon)

   It affects your intelligence (+4).
   It protects you from poison.
   It lets you fly.
   It increases your rate of regeneration.
 Q - the +0 cloak "Fail Gerawk" (worn) {rPois rC- SInv}
   (You found it on level 8 of the Dungeon)

   It makes you vulnerable to cold.
   It protects you from poison.
   It lets you see invisible.
Jewellery
 e - a ring of poison resistance (left hand)
 j - an uncursed ring of protection from cold
 k - a ring of protection from cold (right hand)
Scrolls
 l - 3 scrolls of identify
 v - 2 scrolls of blinking
 z - 3 scrolls of magic mapping
 B - 2 scrolls of teleportation
 I - 3 scrolls of amnesia {unknown}
 K - 2 scrolls of fog
 N - a scroll of enchant armour {unknown}
 O - a scroll of noise {unknown}
 P - a scroll of remove curse
 T - a scroll of holy word {unknown}
Potions
 d - a potion of might
 n - 4 potions of curing
 p - a potion of invisibility {unknown}
 q - a potion of haste
 s - a potion of agility {unknown}
 A - a potion of mutation {unknown}
 D - 2 potions of brilliance {unknown}
 H - 2 potions of flight {unknown}
 L - a potion of lignification {unknown}
Comestibles
 f - 7 rations


   Skills:
 - Level 3.8 Fighting
 - Level 4.2(7.4) Short Blades
 + Level 10.3(10.7) Long Blades
 - Level 2.5 Axes
 - Level 9.6 Slings
 - Level 3.9 Armour
 - Level 3.9 Shields
 + Level 3.4 Spellcasting
 + Level 3.4 Hexes


You had 11 spell levels left.
You knew the following spells:

 Your Spells              Type           Power        Failure   Level  Hunger
a - Confusing Touch       Hex            #.....       7%          1    #......
b - Confuse               Hex            #.......     22%         3    ###....

Your spell library contained the following spells:

 Spells                   Type           Power        Failure   Level  Hunger
 Slow                     Hex            #.......     11%         2    ###....
 Magic Dart               Conj           #...         28%         1    #......
 Blink                    Tloc           N/A          41%         2    ###....
 Call Imp                 Summ           #.......     41%         2    ###....
 Conjure Flame            Conj/Fire      #.......     65%         3    ###....
 Gell's Gravitas          Tloc           #.........   65%         3    ###....
 Mephitic Cloud           Conj/Pois/Air  #.......     65%         3    ###....
 Petrify                  Tmut/Erth      #.......     96%         4    #####..
 Metabolic Englaciation   Hex/Ice        #.........   98%         5    ######.
 Yara's Violent Unravell  Hex/Tmut       #.........   98%         5    ######.


Dungeon Overview and Level Annotations

Branches:
Dungeon (9/15)             Temple (0/1) D:7
   Lair: D:8-11         Orc: D:9-12

Altars:
Gozag
Hepliaklqana
Kikubaaqudgha
Okawaru
Qazlal
Sif Muna
Trog
Uskayaw
Vehumet
Xom
Yredelemnul
Zin
The Shining One

Shops:
D:8 %


Innate Abilities, Weirdness & Mutations

You reflexively headbutt those who attack you in melee.
You have a pair of horns on your head.


Message History

The jackal bites you but does no damage.
You hit the jackal but do no damage.
The jackal appears confused.
The jackal closely misses the orc.
The jackal barely misses itself.
You slash the orc!
You kill the orc!
Sif Muna accepts your kill.
You hit the orc warrior but do no damage.
The orc warrior is lightly wounded.
The orc warrior hits you with a +0 scimitar!
You slash the orc warrior!
The orc warrior is heavily wounded.
The jackal barely misses the troll.
The orc warrior hits you with a +0 scimitar!
* * * LOW HITPOINT WARNING * * *
It was a potion of curing.
You feel better.
The orc warrior hits you with a +0 scimitar!
* * * LOW HITPOINT WARNING * * *
It was a potion of haste.
You feel yourself speed up.
The orc warrior hits you with a +0 scimitar!!
You die...

### #..
#.#
###.###
#.hTo@#
#.#.###
#.._..#
###.#.# ..
#$....#
.>#
###.###
...# #.#.#
...## #..#
#.T.###)##


You could see a troll, an orc warrior and a jackal (confused).

Vanquished Creatures
  2 two-headed ogres
  Grinder (D:5)
  5 hippogriffs
  Menkaure (D:6)
  2 orc warriors
  2 sky beasts
  4 ogres
  A centaur (D:8)
  A big kobold (D:7)
  2 bullfrogs
  A scorpion (D:6)
  A centaur zombie (D:8)
  A howler monkey (D:6)
  5 crimson imps
  A bullfrog zombie (D:8)
  7 hounds
  Crazy Yiuf (D:5)
  A jelly (D:5)
  A bullfrog skeleton (D:5)
  A centaur skeleton (D:6)
  4 orc priests
  6 orc wizards
  Jessica (D:3)
  4 iguanas
  7 worker ants
  3 hound skeletons
  A worker ant zombie (D:8)
  7 adders
  2 shadow imps
  An ooze (D:1)
  3 adder skeletons
  2 worms
  3 leopard geckos
  26 orcs
  A ball python (D:4)
  8 bats
  3 giant cockroaches
  4 goblins
  2 hobgoblins
  8 jackals
  4 quokkas
  10 frilled lizards
  A jackal skeleton (D:5)
  16 kobolds
  A leopard gecko skeleton (D:4)
  A quokka skeleton (D:7)
  5 rats
  A spectral orc (D:8)
176 creatures vanquished.

Notes
Turn   | Place    | Note
-------+----------+-------------------------------------------
     0 | D:1      | teukkam the Minotaur Fighter began the quest for the Orb.
     0 | D:1      | Reached XP level 1. HP: 19/19 MP: 0/0
    32 | D:1      | Reached XP level 2. HP: 27/27 MP: 1/1
   118 | D:1      | Reached skill level 1 in Slings
   363 | D:1      | Reached XP level 3. HP: 33/33 MP: 2/2
   855 | D:2      | Found a radiant altar of Vehumet.
   993 | D:2      | You fall through a shaft!
  1091 | D:3      | Found a glowing golden altar of the Shining One.
  1094 | D:3      | Found an ancient bone altar of Kikubaaqudgha.
  1097 | D:3      | Found a hazy altar of Hepliaklqana.
  1225 | D:3      | Noticed Jessica
  1232 | D:3      | Killed Jessica
  1232 | D:3      | Reached XP level 4. HP: 24/40 MP: 3/3
  1917 | D:3      | Reached skill level 1 in Short Blades
  2043 | D:3      | Found an iron altar of Okawaru.
  2390 | D:3      | Found a hide-covered altar of Uskayaw.
  2507 | D:4      | Reached XP level 5. HP: 46/46 MP: 4/4
  2979 | D:4      | Found a deep blue altar of Sif Muna.
  3189 | D:5      | Entered Level 5 of the Dungeon
  3199 | D:5      | Reached XP level 6. HP: 52/52 MP: 5/5
  3219 | D:5      | Reached skill level 5 in Slings
  3420 | D:5      | Found a bloodstained altar of Trog.
  3523 | D:5      | Got a scorched long sword
  3526 | D:5      | Identified the +7 long sword of the Coward {slice, Dex+2}
                  | (You found it on level 5 of the Dungeon)
  3625 | D:5      | Found a shimmering altar of Xom.
  3634 | D:5      | Reached skill level 1 in Long Blades
  3639 | D:5      | Reached XP level 7. HP: 58/58 MP: 6/6
  3715 | D:5      | Reached skill level 2 in Long Blades
  3782 | D:5      | Found a runed translucent door.
  3783 | D:5      | Noticed Crazy Yiuf
  3790 | D:5      | Killed Crazy Yiuf
  3833 | D:5      | Found a stormy altar of Qazlal.
  3890 | D:5      | Noticed Grinder
  3897 | D:5      | Killed Grinder
  3897 | D:5      | Reached skill level 4 in Long Blades
  4252 | D:6      | Reached XP level 8. HP: 66/66 MP: 7/7
  4267 | D:6      | Reached skill level 5 in Long Blades
  4687 | D:6      | Noticed a two-headed ogre
  4716 | D:6      | Killed a two-headed ogre
  4716 | D:6      | Reached skill level 7 in Long Blades
  4716 | D:6      | Reached XP level 9. HP: 30/71 MP: 8/8
  5004 | D:6      | Reached skill level 8 in Long Blades
  5022 | D:6      | Found an ancient bone altar of Kikubaaqudgha.
  5120 | D:6      | Noticed Menkaure
  5122 | D:6      | Got a smoking robe
  5124 | D:6      | Killed Menkaure
  5148 | D:6      | Identified the +2 robe of Ruhenul {+Fly rPois Regen+ Int+4}
                  | (You found it on level 6 of the Dungeon)
  5155 | D:6      | Learned a level 1 spell: Confusing Touch
  5400 | D:4      | Became a worshipper of Sif Muna the Loreminder
  5570 | D:7      | Reached skill level 1 in Spellcasting
  5570 | D:7      | Reached skill level 1 in Hexes
  5670 | D:7      | Found a staircase to the Ecumenical Temple.
  5857 | D:7      | Reached skill level 9 in Long Blades
  6075 | D:7      | Reached * piety under Sif Muna
  6142 | D:7      | Found a glowing silver altar of Zin.
  6330 | D:7      | Learned a level 3 spell: Confuse
  6538 | D:8      | Found Wiyd Wiz's Food Shop.
  6660 | D:8      | Got an encrusted cloak
  6671 | D:8      | Identified the +0 cloak "Fail Gerawk" {rPois rC- SInv} (You
                  | found it on level 8 of the Dungeon)
  6674 | D:8      | Upgraded the game from 0.23-b1-3-gdda8187 to
                  | 0.23-b1-58-ge3fafae
  6702 | D:8      | Reached XP level 10. HP: 73/78 MP: 11/13
  6884 | D:8      | Noticed a two-headed ogre
  6896 | D:8      | Killed a two-headed ogre
  6896 | D:8      | Reached ** piety under Sif Muna
  6896 | D:8      | Reached skill level 10 in Long Blades
  6999 | D:8      | Found a basalt altar of Yredelemnul.
  7171 | D:9      | Found an opulent altar of Gozag.
  7198 | D:9      | Slain by an orc warrior

Skill      XL: |  1  2  3  4  5  6  7  8  9 10 |
---------------+-------------------------------+-----
Slings         | 2 3 4 6 7 9 |  9.6
Short Blades   | 1 3 4 |  4.2
Long Blades    | 1 4 7 9 10 | 10.3
Spellcasting   | 2 3 |  3.4
Hexes          | 2 3 |  3.4
Fighting       | |  3.8
Axes           | |  2.5
Armour         | |  3.9
Shields        | |  3.9

Action                   |  1- 3 |  4- 6 |  7- 9 | 10-12 || total
-------------------------+-------+-------+-------+-------++-------
Melee: War axe           |    10 |       |       |       ||    10
       Dagger            |       |    11 |    51 |       ||    62
       Long sword        |       |     7 |   149 |    32 ||   188
       Headbutt          |       |     2 |    48 |    12 ||    62
 Fire: Hunting sling     |    91 |   193 |    37 |    16 ||   337
Throw: Stone             |       |       |     8 |       ||     8
 Cast: Confusing Touch   |       |       |     6 |     2 ||     8
       Confuse           |       |       |     2 |     4 ||     6
  Use: Scroll            |     4 |     4 |     3 |     3 ||    14
       Potion            |       |       |     2 |     2 ||     4
 Stab: Confused          |       |       |     1 |     1 ||     2
  Eat: Chunk             |       |     5 |     3 |     2 ||    10
       Ration            |       |     1 |     2 |       ||     3
Armor: Scale mail        |    13 |       |       |       ||    13
       Ring mail         |     9 |    61 |    35 |       ||   105
       Robe              |       |       |    33 |     6 ||    39
Dodge: Dodged            |    18 |    37 |    74 |    17 ||   146
Block: Shield            |    34 |    53 |    41 |       ||   128
       Rpst.: Long sword |       |       |    16 |     3 ||    19
